 Dungeon Crawl Stone Soup version 0.29-a0-1043-g569b05d6ff (console) character file.

Game seed: 5317521783728670009

1330 jejorda2 the Spear-Bearer (level 8, 0/96 HPs)
             Began as a Merfolk Berserker on Aug 15, 2022.
             Was a Believer of Trog.
             Slain by an Executioner (4 damage)
             ... on level 1 of the Abyss.
             The game lasted 00:13:42 (5452 turns).

jejorda2 the Spear-Bearer (Merfolk Berserker)       Turns: 5452, Time: 00:13:43

Health: 0/96       AC: 13    Str: 19    XL:     8   Next: 60%
Magic:  8/8        EV:  8    Int:  7    God:    Trog [**....]
Gold:   0          SH:  0    Dex: 13    Spells: 7/7 levels left

rFire   . . .      SeeInvis .   a - +1 scythe
rCold   . . .      Faith    .   (shield currently unavailable)
rNeg    . . .      Spirit   .   n - +0 chain mail
rPois   +          Reflect  .   d - +2 helmet
rElec   .          Harm     .   (no cloak)
rCorr   +          Rampage  .   g - +0 pair of gloves
Will    .....                   (no boots)
Stlth   ..........              (no amulet)
HPRegen 0.26/turn               f - ring of resist corrosion
MPRegen 0.11/turn               e - ring of poison resistance

@: mighty, berserking, hasted, very quick
A: (nimble swimmer 2), mertail
a: Renounce Religion, Berserk, Trog's Hand


You were on level 1 of the Abyss.
You worshipped Trog.
Trog was pleased with you.
You visited 1 branch of the dungeon, and saw 6 of its levels.
You visited the Abyss 1 time.

You collected 367 gold pieces.
You spent 367 gold pieces at shops.

Inventory:

Hand Weapons
 a - a +1 scythe (weapon)
 b - a +0 trident
Missiles
 c - 49 stones (quivered)
 j - 2 poisoned darts
Armour
 d - a +2 helmet (worn)
 g - a +0 pair of gloves (worn)
 n - a +0 chain mail (worn)
Jewellery
 e - a ring of poison resistance (right hand)
 f - a ring of resist corrosion (left hand)
Scrolls
 h - a scroll of enchant weapon
 k - a scroll of magic mapping
 q - 4 scrolls of teleportation
 r - a scroll of enchant armour
Potions
 i - 2 potions of heal wounds
 l - 2 potions of berserk rage {unknown}
 m - a potion of brilliance {unknown}
 o - a potion of ambrosia {unknown}
 p - a potion of curing
 t - a potion of attraction {unknown}
 v - a potion of mutation


   Skills:
 - Level 6.0 Fighting
 * Level 10.5 Polearms
 + Level 4.1 Armour
 - Level 2.6 Dodging


You had 7 spell levels left.
You didn't know any spells.
Your spell library was empty.

Dungeon Overview and Level Annotations

Branches:
Dungeon (6/15)             Temple (0/1) D:5

Altars:
Ashenzari
Hepliaklqana
Vehumet

Shops:
D:4 [*==*


Innate Abilities, Weirdness & Mutations

((You are very nimble when in or above water. (Stealth+, EV+, Speed+++)))
Your lower body shifts to a powerful aquatic tail in water.


Message History

The Executioner hits you! The Executioner barely misses you. x2
You impale the Executioner!!
The Executioner is moderately wounded.
The Executioner hits you!!
The Executioner hits you but does no damage. x2
The Executioner hits you!! The Executioner barely misses you.
The Executioner closely misses you.
You barely miss the Executioner.
The Executioner is moderately wounded.
The Executioner hits you!
* * * LOW HITPOINT WARNING * * *
The Executioner hits you but does no damage.
The Executioner hits you.
* * * LOW HITPOINT WARNING * * *
The Executioner completely misses you. The Executioner hits you.
* * * LOW HITPOINT WARNING * * *
The Executioner hits you but does no damage.
You puncture the Executioner!
The Executioner is moderately wounded.
The Executioner hits you but does no damage.
The Executioner hits you.
* * * LOW HITPOINT WARNING * * *
The Executioner hits you but does no damage.
You slash the Executioner!
The Executioner is severely wounded.
The Executioner closely misses you. The Executioner hits you.
* * * LOW HITPOINT WARNING * * *
The Executioner hits you but does no damage.
The Executioner hits you.
* * * LOW HITPOINT WARNING * * *
The Executioner barely misses you.
The Executioner hits you but does no damage.
You closely miss the Executioner.
The Executioner is heavily wounded.
The Executioner hits you.
* * * LOW HITPOINT WARNING * * *
The Executioner barely misses you.
The Executioner hits you but does no damage. x2
The Executioner hits you.
You die...

#.# . .
. ## ..
# .### #
.# # .#
# 5. .#
. . . .#
## #.#
.# . #
#.###.#
. .#1..#
# ###@##
#...#
####...#
.### #.
.# .. ##


You could see an Executioner (fast) and a quasit.

Vanquished Creatures
  Sigmund (D:2)
  A chaos spawn (Abyss:1)
  2 large abominations (Abyss:1)
  A sky beast (D:5)
  An ogre (D:4)
  A gnoll sergeant (D:5)
  2 scorpions (D:5)
  A jelly (D:5)
  A gnoll bouda (D:5)
  4 hounds (D:5)
  Jessica (D:2)
  An iguana (D:5)
  Robin (D:2)
  8 gnolls
  6 adders
  A shadow imp (D:4)
  3 worms (D:2)
  4 dart slugs
  An orc (D:4)
  4 endoplasms
  A giant cockroach (D:1)
  16 goblins
  6 hobgoblins
  4 jackals (D:2)
  6 quokkas
  3 ball pythons
  7 bats
  4 frilled lizards
  5 kobolds
  11 rats
108 creatures vanquished.

Notes
Turn   | Place    | Note
-------+----------+-------------------------------------------
     0 | D:1      | jejorda2 the Merfolk Berserker began the quest for the Orb.
     0 | D:1      | Reached XP level 1. HP: 18/18 MP: 1/1
   524 | D:1      | Reached XP level 2. HP: 24/24 MP: 2/2
  1167 | D:2      | Reached XP level 3. HP: 19/29 MP: 3/3
  1354 | D:2      | Noticed Sigmund
  1364 | D:2      | Killed Sigmund
  1364 | D:2      | Reached ** piety under Trog
  1365 | D:2      | Reached skill level 6 in Polearms
  1365 | D:2      | Reached XP level 4. HP: 38/38 MP: 4/4
  1365 | D:2      | Reached XP level 5. HP: 43/43 MP: 5/5
  1486 | D:2      | Noticed Robin
  1535 | D:2      | Killed Robin
  1548 | D:2      | You fall into a shaft and drop 2 floors!
  1688 | D:4      | Found a hazy altar of Hepliaklqana.
  1712 | D:4      | Found Vycost's Assorted Antiques.
  1751 | D:4      | Bought a scroll labelled ICIAPI PEUDON for 20 gold pieces
  1751 | D:4      | Bought a sedimented blue potion for 18 gold pieces
  1751 | D:4      | Bought a brown potion for 18 gold pieces
  1786 | D:4      | Found Zeedos Okage's Antique Armour Boutique.
  1821 | D:4      | Reached XP level 6. HP: 49/49 MP: 6/6
  2041 | D:2      | Found a faded altar of an unknown god.
  2082 | D:2      | Noticed Jessica
  2092 | D:2      | Killed Jessica
  2093 | D:2      | Reached skill level 7 in Polearms
  2844 | D:3      | Reached *** piety under Trog
  3230 | D:4      | Found Qodaet's Jewellery Boutique.
  3318 | D:4      | Found Jasy's Jewellery Emporium.
  3375 | D:4      | Found Joakoif's Assorted Antiques.
  3707 | D:5      | Entered Level 5 of the Dungeon
  3736 | D:5      | Reached skill level 5 in Fighting
  3736 | D:5      | Reached XP level 7. HP: 56/56 MP: 7/7
  3788 | D:4      | Bought a ring of poison resistance for 220 gold pieces
  3955 | D:5      | Reached skill level 8 in Polearms
  4061 | D:5      | Found a radiant altar of Vehumet.
  4515 | D:5      | Found a broken altar of Ashenzari.
  4574 | D:5      | Found a staircase to the Ecumenical Temple.
  4687 | D:5      | Reached skill level 9 in Polearms
  4696 | D:5      | Reached XP level 8. HP: 53/64 MP: 8/8
  4979 | D:4      | Bought a scroll labelled HYCZON DEYMYAXT for 33 gold pieces
  4979 | D:4      | Bought a fizzy dark potion for 29 gold pieces
  4979 | D:4      | Bought a sedimented blue potion for 29 gold pieces
  5190 | Abyss:1  | Cast into level 1 of the Abyss (gnoll)
  5356 | Abyss:1  | Reached skill level 10 in Polearms
  5444 | Abyss:1  | Noticed an Executioner
  5452 | Abyss:1  | HP: 4/96 [Executioner (2)]
  5452 | Abyss:1  | Slain by an Executioner

Illustrated notes

Levels and vault maps discovered:
D:1:      dpeg_arrival_shrine, layout_loops_ring, dk_noncrumbling_2,
          minmay_pentomino_t4
D:2:      minmay_skewed_foursquare, layout_loops_ring,
          shapermc_ecumenical_altar_venn, uniq_sigmund, uniq_robin, uniq_jessica
D:3:      layout_basic
D:4:      layout_rooms, mainiacjoe_overflow_tiny_flanked, serial_shops, shop,
          shop_statue, nicolae_shop_hallway_plus, nicolae_shop_advertising_works
          [nicolae_subvault_shop_adworks], kennysheep_little_box, nicolae_titane
D:5:      layout_basic, evilmike_ruin_ashenzari, overflow_temple_1_default,
          minmay_temple_entry_offerings, grunt_ministairs_14
D:6:      layout_loops_ring, fedhas_altar_3, item_on_display_a, uniq_maggie
Abyss:1:  base:
Temple

Skill      XL: |  1  2  3  4  5  6  7  8 |
---------------+-------------------------+-----
Fighting       | 4 5 6 |  6.0
Polearms       | 6 7 9 10 | 10.5
Armour         | 2 3 4 |  4.1
Dodging        | |  2.6

Action                   |  1- 3 |  4- 6 |  7- 9 || total
-------------------------+-------+-------+-------++-------
Melee: Spear             |    77 |       |       ||    77
       Halberd           |       |   185 |   138 ||   323
Throw: Stone             |       |     2 |     7 ||     9
Invok: Berserk           |     2 |     2 |     5 ||     9
       Trog's Hand       |       |     1 |     5 ||     6
  Use: Scroll            |       |     8 |     4 ||    12
       Potion            |       |       |     2 ||     2
 Stab: Sleeping          |     1 |       |       ||     1
Armor: Animal skin       |    11 |    20 |       ||    31
       Chain mail        |       |    52 |    61 ||   113
Dodge: Dodged            |    20 |    67 |    50 ||   137
Block: Buckler           |     1 |       |       ||     1

Table legend: (Time is in decaauts)
 A = Elapsed time spent in this place.
 B = Non-inter-level travel time spent in this place.
 C = Inter-level travel time spent in this place.
 D = Time resting spent in this place.
 E = Time spent auto-exploring this place.
 F = Levels seen in this place.
 G = Mean time per level.
                   A        B        C        D        E       F      G
               +--------+--------+--------+--------+--------+-----+--------+
         Total |   5551 |   5219 |    332 |    672 |   3592 |   7 |  793.0 |
       Dungeon |   5260 |   4928 |    332 |    483 |   3592 |   6 |  876.7 |
         Abyss |    290 |    290 |      0 |    188 |      0 |   1 |  290.0 |
               +--------+--------+--------+--------+--------+-----+--------+

Top non-repeatable levels by time:
     D:5: 1353 daAuts
     D:1: 1201 daAuts
     D:2: 1023 daAuts
     D:4: 958 daAuts
     D:3: 719 daAuts
 Abyss:1: 290 daAuts
     D:6: 4 daAuts
